 Dungeon Crawl Stone Soup version 0.30.0-5-g1a98f26d00 (webtiles) character file.

Game seed: 8489842257316981257

71 Brutalitops the Chopper (level 4, 0/40 HPs)
             Began as a Hill Orc Monk on May 9, 2023.
             Slain by a gnoll
             ... wielding a +0 whip
              (2 damage)
             ... on level 3 of the Dungeon.
             The game lasted 00:03:59 (1622 turns).

Brutalitops the Chopper (Hill Orc Monk)             Turns: 1622, Time: 00:04:00

Health: 0/40       AC: 10    Str: 15    XL:     4   Next: 24%
Magic:  4/4        EV:  9    Int: 10    God:
Gold:   1513       SH:  0    Dex: 13    Spells: 3/3 levels left

rFire   . . .        a - +0 hand axe
rCold   . . .        d - orb {light}
rNeg    . . .        i - +0 chain mail
rPois   .            (no helmet)
rElec   .            (no cloak)
rCorr   .            g - +1 pair of gloves
SInv    .            (no boots)
Will    +....        (no amulet) Stlth
                     j - ring of willpower
HPRegen 0.26/turn    n - +5 ring of evasion
MPRegen 0.09/turn

%: no passive effects
@: held, glowing
A: no striking features
a: no special abilities


You were on level 3 of the Dungeon.
You visited 1 branch of the dungeon, and saw 3 of its levels.

You collected 1513 gold pieces.

Inventory:

Hand Weapons
 a - a +0 hand axe (weapon)
Armour
 b - a +0 robe
 d - an orb of light (worn)
 g - a +1 pair of gloves (worn)
 i - a +0 chain mail (worn)
Jewellery
 j - a ring of willpower (left hand)
 n - a +5 ring of evasion (right hand)
Scrolls
 l - a scroll of identify {unknown}
 m - 2 scrolls of fog
Potions
 c - a potion of ambrosia
 e - 2 potions of might {unknown}
 f - 3 potions of curing {unknown}
 h - a potion of resistance {unknown}
 k - a potion of haste {unknown}


   Skills:
 + Level 4.3 Fighting
 + Level 5.2 Axes
 + Level 1.1 Armour
 + Level 2.8 Dodging


You had 3 spell levels left.
You didn't know any spells.
Your spell library was empty.

Dungeon Overview and Level Annotations

Branches:
Dungeon (3/15)

Altars:
Qazlal


Message History

The gnoll hits you with a +0 whip. The quokka bites you.
The gnoll closely misses you. The hobgoblin barely misses you.
You hit the hobgoblin.
The hobgoblin is almost dead.
You hit the gnoll. x2; You hit the quokka but do no damage.
The gnoll hits you with a +0 whip. The quokka misses you.
The gnoll completely misses you. The hobgoblin hits you.
The gnoll barely misses you.
Unknown command.
You hit the gnoll but do no damage.
The gnoll is moderately wounded.
You hit the quokka but do no damage. You hit the gnoll but do no damage.
You hit the hobgoblin but do no damage. The quokka closely misses you.
The gnoll hits you but does no damage. The gnoll closely misses you.
The gnoll hits you from afar with a +0 spear.
The hobgoblin hits you but does no damage.
You hit the gnoll.
The gnoll is heavily wounded.
You hit the quokka. You hit the gnoll. You hit the hobgoblin.
You kill the hobgoblin!
The quokka barely misses you. The gnoll hits you but does no damage.
The gnoll throws a throwing net.
The throwing net hits you.
You become entangled in the net!
The gnoll barely misses you.
You struggle against the net.
The quokka bites you but does no damage.
The gnoll hits you but does no damage. The gnoll closely misses you.
The gnoll hits you with a +0 whip. The quokka bites you.
You struggle against the net.
The gnoll hits you with a +0 whip! The quokka bites you.
The gnoll hits you from afar with a +0 spear.
* * * LOW HITPOINT WARNING * * *
The gnoll closely misses you. x2
You struggle against the net.
The gnoll hits you with a +0 whip.
* * * LOW HITPOINT WARNING * * *
The quokka bites you.
* * * LOW HITPOINT WARNING * * *
The gnoll hits you from afar with a +0 spear.
* * * LOW HITPOINT WARNING * * *
The gnoll barely misses you. The gnoll hits you with a +0 whip.
You die...

.## #.#...~~...
##......$.⌠~
........~~⌠
#......~...
#......~..~
#..o....~~. #
#.grg......
#.#..@†g.....
####.#..g###~~~~
#.......## ~
######.## #.# #.# .
#.#################.
#..................#
#################.##


You could see 4 gnolls, an orc and a quokka.

Vanquished Creatures
  5 adders
  A dart slug (D:1)
  A worm (D:2)
  A bat (D:1)
  An endoplasm (D:1)
  3 giant cockroaches
  A goblin (D:3)
  3 hobgoblins
  3 ball pythons
  2 frilled lizards
  3 kobolds
  A rat (D:1)
25 creatures vanquished.

Notes
Turn   | Place    | Note
-------+----------+-------------------------------------------
     0 | D:1      | Brutalitops the Hill Orc Monk began the quest for the Orb.
     0 | D:1      | Reached XP level 1. HP: 19/19 MP: 1/1
   223 | D:1      | Reached XP level 2. HP: 27/27 MP: 2/2
   710 | D:1      | Identified a scroll of acquirement
   710 | D:1      | Acquired 1353 gold pieces
   973 | D:2      | Reached XP level 3. HP: 33/33 MP: 3/3
  1325 | D:2      | Reached skill level 5 in Axes
  1476 | D:3      | Reached skill level 1 in Armour
  1476 | D:3      | Reached XP level 4. HP: 40/40 MP: 4/4
  1569 | D:3      | Found a stormy altar of Qazlal.
  1622 | D:3      | HP: 2/40 [gnoll/+0 spear (6)]
  1622 | D:3      | Slain by a gnoll

Illustrated notes

Levels and vault maps discovered:
D:1:      dpeg_arrival_round_c, layout_loops_ring, kennysheep_boxes
D:2:      layout_loops_ring
D:3:      cheibrodos_helix_gallery, layout_basic, grunt_qazlal_clouds

Skill      XL: |  1  2  3 |
---------------+----------+-----
Fighting       | 4 |  4.3
Axes           | 5 |  5.2
Armour         | 1 |  1.1
Dodging        | |  2.8

Action                     |  1- 3 |  4- 6 || total
---------------------------+-------+-------++-------
  Melee: Hand axe          |    68 |    24 ||    92
    Use: Scroll            |     3 |     1 ||     4
 Armour: Robe              |     4 |       ||     4
         Chain mail        |    30 |    14 ||    44
  Dodge: Dodged            |    29 |    27 ||    56
